[Event "MPL-4 Indian Chess Tour 2022"]
[Site "Chess24"]
[Date "2022.09.27"]
[Round "3.1"]
[White "Pranav, V."]
[Black "Raja Harshit"]
[Result "1-0"]
[ECO "E55"]
[WhiteElo "2530"]
[BlackElo "2459"]
[Annotator "TA"]
[PlyCount "133"]
[EventDate "2022.09.29"]
[EventType "tourn (rapid)"]
[EventCountry "NET"]
[SourceTitle "playchess.com"]
[Source "ChessBase"]
[SourceQuality "1"]
[WhiteTeam "India"]
[BlackTeam "India"]
[WhiteTeamCountry "IND"]
[BlackTeamCountry "IND"]
[TimeControl "900+10"]

1. d4 Nf6 2. c4 e6 3. Nc3 Bb4 4. e3 O-O 5. Bd3 d5 6. Nf3 dxc4 7. Bxc4 c5 8. O-O cxd4 9. exd4 b6 10. Qe2 Bb7 11. Rd1 Nbd7 {[%emt 0:01:16] 11...h6 is setting a new trend.} 12. d5 exd5 {[%emt 0:00:09] E55: Nimzo-Indian: Rubinstein: Main Line: 7...dxc4 8 Bxc4 Nbd7.} 13. Nxd5 Re8 14. Qc2 Nxd5 {[%emt 0:01:05] White has an edge.} 15. Bxd5 Bxd5 16. Rxd5 Qe7 {[%emt 0:00:22][%cal Oe7e1] ( -> ...Qe1+!)} 17. Bg5 (17. Rh5 $2 Qe1+ $3 18. Nxe1 Rxe1#) 17... f6 18. Rad1 Nf8 19. Be3 Rac8 {[%emt 0:00:35] Against Qc4} 20. Qb3 {[%emt 0:00:51] aiming for Rd6+.} Kh8 21. h4 Bc5 22. Bxc5 {[%emt 0:01:02] White has more active pieces.} Rxc5 23. Re1 $1 $36 {[%emt 0:00:29][%mdl 2048] Keeping Black busy.} Qf7 {[%emt 0:01:16] White must now prevent ...Rxe1+.} 24. Rxe8 Qxe8 25. Rxc5 bxc5 $16 {[%emt 0:00:03][%mdl 4096] Endgame [#] KQN-KQN} 26. Qd5 $1 Qe7 27. h5 {[%emt 0:01:16] [#]} h6 $146 ({Predecessor:} 27... Ne6 28. Nh4 Nf8 29. g3 g6 30. h6 Qe1+ 31. Kg2 Qe7 32. Nf3 Ne6 33. Nd2 Kg8 {1-0 (45) Schrancz,I (2134)-Trevis,R (1124) LSS email 2013}) 28. g3 Kh7 29. Kg2 (29. Nh4 $142) 29... Ne6 30. Qe4+ Kg8 31. Qa8+ Kf7 32. Nh4 Ng5 (32... Qc7 $142) 33. Qd5+ Ke8 $2 (33... Qe6 $16 {was necessary.} 34. Qxc5 a6 35. Qc7+ Kg8) 34. Kf1 (34. Nf5 $142 Qe4+ 35. Qxe4+ Nxe4 36. Nxg7+ Kf8 37. Nf5) 34... Qe4 $18 35. Qxc5 Qb1+ 36. Kg2 {[%emt 0:00:08] Qc6+ is the strong threat.} Qe4+ 37. Kh2 Qe2 (37... Qb7 $142 38. Qc4 Ke7) 38. Qxa7 (38. Qc8+ $6 Kf7 $16) 38... Qxh5 39. Kg2 {[%emt 0:01:08] Prevents Nf3.} ({Don't take} 39. Qxg7 $6 Nf3+ 40. Kg2 Nxh4+ 41. gxh4 Qxh4 $16) 39... Ne6 40. Qb8+ Kd7 41. Qb7+ Kd8 42. Nf3 Qg4 43. Kh2 h5 44. b4 ({White should play} 44. Qd5+ $18 Kc7 45. b4) 44... Qc4 $2 (44... g5 $16) 45. a4 g5 46. a5 (46. Qf7 $18) 46... Nc7 (46... h4 $16) 47. Qb6 Qe6 48. Qd4+ Kc8 {[%emt 0:00:07] [#]} 49. Nd2 $1 h4 $2 (49... Qd7 {is a better defense.} 50. Qc3 Qf5) 50. Ne4 hxg3+ 51. fxg3 (51. Kxg3 $142 Qb3+ 52. f3) 51... Qa2+ 52. Nf2 (52. Kh1 $18) 52... f5 $16 53. Kg1 Nd5 (53... Qb1+ $14 54. Kg2 Qb3 55. Qh8+ Kb7) 54. a6 {[%emt 0:00:10] And now Qh8+ would win.} f4 55. gxf4 (55. Qh8+ $16 Kd7 56. Qh7+ Kc6 57. Qb7+ Kd6 58. Qb8+ Kd7 59. Qb5+ Kc7 60. Qb7+ Kd6 61. Qb8+ Kd7 62. Qb5+ Kc7 63. Qb7+ Kd6) 55... Nxf4 $2 (55... Qb1+ $11 56. Kg2 Nxf4+ 57. Kf3 Qb3+ 58. Kg4 Qd5) 56. Qc5+ $18 Kd7 57. a7 Qa1+ 58. Kh2 {[%emt 0:00:01] Threatening mate with Qb5+.} Qh8+ 59. Kg3 {[%emt 0:00:08] Strongly threatening b5.} Qh4+ (59... Qa8 $142 60. Qf5+ Kc6 61. Qc5+ Kd7 62. Qb5+ Kc8 63. Qe8+ Kb7 64. Qe7+ (64. Qd7+ Kb6 $14) 64... Ka6) 60. Kf3 Qh5+ 61. Ke4 Qe2+ 62. Kf5 {[%emt 0:00:07] White mates.} Qa6 63. Qd4+ Kc8 64. Qh8+ Kd7 65. a8=Q Qe6+ 66. Kxg5 Qe3 67. Qhd8+ {[%emt 0:00:04] Weighted Error Value: White=0.29 (precise) /Black=0.28 (precise)} 1-0

[Event "MPL-4 Indian Chess Tour 2022"]
[Site "Chess24"]
[Date "2022.09.27"]
[Round "3.2"]
[White "Puranik, Abhimanyu"]
[Black "Karthikeyan, Murali"]
[Result "1/2-1/2"]
[ECO "A30"]
[WhiteElo "2603"]
[BlackElo "2623"]
[Annotator "TA"]
[PlyCount "71"]
[EventDate "2022.09.29"]
[EventType "tourn (rapid)"]
[EventCountry "NET"]
[SourceTitle "playchess.com"]
[Source "ChessBase"]
[SourceQuality "1"]
[WhiteTeam "India"]
[BlackTeam "India"]
[WhiteTeamCountry "IND"]
[BlackTeamCountry "IND"]
[TimeControl "900+10"]

1. Nf3 Nf6 2. g3 g6 3. b3 Bg7 4. Bb2 b6 5. Bg2 Bb7 6. O-O O-O 7. c4 c5 8. d4 cxd4 9. Qxd4 Nc6 10. Qd2 d5 $1 {[%emt 0:01:26] [#] A30: Symmetrical English: Double Fianchetto and Hedgehog.} 11. Nd4 $146 ({Predecessor:} 11. Na3 Ne4 12. Qc1 Bxb2 13. Qxb2 dxc4 14. Nxc4 Rc8 15. Rac1 Nd6 16. Ne3 Qd7 17. h4 h5 18. Ng5 {1-0 (36) Andreikin,D (2729)-Beerdsen,T (2494) Chess.com INT 2022}) 11... Nxd4 (11... Ne4 {is more complex.} 12. Bxe4 dxe4 13. Nxc6 Bxc6 14. Qc2 Bxb2 15. Qxb2 Qd6) 12. Bxd4 {[%emt 0:00:31] [#]} (12. Qxd4 $11 Rb8 13. cxd5) 12... Qd7 (12... dxc4 $1 $15 13. Bxb7 Rb8) 13. cxd5 $11 Bxd5 {[%emt 0:02:09] The position is equal.} 14. Bxf6 Bxf6 15. Qxd5 Qxd5 16. Bxd5 Rad8 17. Nc3 Bxc3 18. Rad1 e6 19. Bf3 b5 20. a4 b4 21. Be4 f5 22. Bc2 Kf7 23. Rxd8 Rxd8 24. Rd1 Rxd1+ 25. Bxd1 {[%emt 0:00:01][%mdl 4096] Endgame KB-KB} e5 26. e3 Kf6 27. h4 e4 28. Be2 a5 29. Bc4 h6 30. Kf1 g5 31. hxg5+ hxg5 32. Ke2 Ke5 33. Bg8 Kf6 34. Bc4 Ke5 35. Bg8 Kf6 36. Bc4 {[%emt 0:00:01] An interesting draw.  Weighted Error Value: White=0.06 (flawless) /Black=0.06 (flawless)} 1/2-1/2

[Event "MPL-4 Indian Chess Tour 2022"]
[Site "Chess24"]
[Date "2022.09.27"]
[Round "3.3"]
[White "Aditya Mittal"]
[Black "Adhiban, B.."]
[Result "1-0"]
[ECO "A90"]
[WhiteElo "2485"]
[BlackElo "2603"]
[Annotator "TA"]
[PlyCount "87"]
[EventDate "2022.09.29"]
[EventType "tourn (rapid)"]
[EventCountry "NET"]
[SourceTitle "playchess.com"]
[Source "ChessBase"]
[SourceQuality "1"]
[WhiteTeam "India"]
[BlackTeam "India"]
[WhiteTeamCountry "IND"]
[BlackTeamCountry "IND"]
[TimeControl "900+10"]

1. d4 e6 2. c4 f5 3. g3 Nf6 4. Bg2 d5 5. Nh3 Bd6 6. Nd2 {[%emt 0:00:03] A90: Dutch Defence: Miscellaneous and Modern Stonewall (with ...Bd6).} O-O {[%emt 0:00:03] [#]} 7. Nf3 $146 ({Predecessor:} 7. O-O Nc6 8. e3 b6 9. b3 a5 10. Bb2 Ba6 11. Nf4 Bxf4 12. exf4 Ne4 13. Re1 {0-1 (33) Karjakin,S (2781)-Carlsen,M (2832) Stavanger 2017}) 7... dxc4 8. Qa4 {[%emt 0:00:49] The position is equal.} Nc6 9. Qxc4 Bb4+ 10. Kf1 Bd6 11. Nf4 Qe7 12. h4 Bd7 13. Ng5 Rae8 14. Bd2 (14. h5 $142) 14... b5 $1 $11 15. Qc3 Nb4 (15... Bb4 {was preferrable.} 16. Qd3 Bxd2 17. Qxd2 Nxd4 $1) 16. a3 Nbd5 17. Qb3 c6 18. Rc1 a5 19. Bxa5 Nxf4 20. gxf4 Bxf4 21. Bb4 $36 {[%emt 0:02:21][%mdl 2048] White fights for an advantage.} Bd6 22. Rh3 (22. Bxc6 Bxc6 23. Rxc6 Qb7 $15) (22. Nf3 $5 ) 22... Nd5 23. Bxd6 Qxd6 24. Qg3 Qe7 (24... e5 $11 25. dxe5 Rxe5 26. Bxd5+ Qxd5) 25. Qe5 h6 26. Bxd5 (26. Nf3 $11) 26... hxg5 $2 (26... exd5 27. Qxe7 Rxe7 28. Nf3 $11) (26... cxd5 $15 {stays ahead.} 27. Nf3 f4) 27. Bxc6 $18 g4 {[%emt 0:01:13] [#]} (27... Bxc6 $142 28. Rxc6 g4) 28. Bxd7 $1 Qxd7 29. Rhc3 {[%emt 0:00:24] Strongly threatening Rc7.} Qf7 30. Rc7 ({Don't take} 30. Qxb5 $6 Qe7 31. Qe5 Qxh4 $16) 30... Qg6 31. Rb7 {[%emt 0:00:17] And now Rcc7 would win.} (31. Qxb5 Qh6 32. Qe5 Rf7 $18) 31... Rf7 32. Rxf7 (32. Qxb5 Rxb7 33. Qxb7 g3 $18) (32. Rxb5 Qh6 33. Rc6 Qxh4 $16) 32... Qxf7 {[%emt 0:00:02][%mdl 4096] Endgame KQR-KQR} 33. Rc7 ({Much less strong is} 33. Qxb5 Rd8 34. Qe5 Rd5 35. Qb8+ Kh7) 33... Qg6 (33... Qf6 $142 34. Qxf6 (34. Qxb5 Rd8 $18) 34... gxf6) 34. Qf4 $2 (34. Qxb5 $18 {and White stays clearly on top.} Rd8 35. Qe5) 34... Qf6 $16 35. Qe5 $2 (35. Qg5) 35... Qg6 $1 $18 36. Qxb5 f4 (36... Rd8 $142 37. Qe5 Qf6 38. Qxf6 gxf6) 37. Qg5 (37. h5 $142 Qb1+ 38. Kg2) 37... Qb1+ 38. Kg2 Qe4+ 39. Kg1 Qb1+ $2 (39... Qxd4 40. Qxg4 Qd1+ 41. Kh2 Qd4) 40. Kh2 {[%emt 0:00:11][%csl Gc7][%cal Rg5g7] White is clearly winning.} g3+ 41. fxg3 fxg3+ 42. Qxg3 Qh7 43. Rb7 Rf8 44. Rb8 {[%emt 0:00:09] Weighted Error Value: White=0.43/Black=0.48} 1-0

[Event "MPL-4 Indian Chess Tour 2022"]
[Site "Chess24"]
[Date "2022.09.27"]
[Round "3.4"]
[White "Sethuraman, S.P."]
[Black "Narayanan.S.L"]
[Result "0-1"]
[ECO "E11"]
[WhiteElo "2638"]
[BlackElo "2657"]
[Annotator "TA"]
[PlyCount "82"]
[EventDate "2022.09.29"]
[EventType "tourn (rapid)"]
[EventCountry "NET"]
[SourceTitle "playchess.com"]
[Source "ChessBase"]
[SourceQuality "1"]
[WhiteTeam "India"]
[BlackTeam "India"]
[WhiteTeamCountry "IND"]
[BlackTeamCountry "IND"]
[TimeControl "900+10"]

1. d4 Nf6 2. c4 e6 3. Nf3 d5 4. g3 Bb4+ 5. Bd2 Be7 6. Bg2 O-O 7. O-O c6 8. Qc2 Nbd7 {[%emt 0:00:05] Nowadays more popular than 8...b6.} 9. h4 {[%emt 0:00:03] [#] E11: Bogo-Indian.} a5 $5 $146 {[%emt 0:00:02][%mdl 8] New and interesting.} ({Predecessor:} 9... b6 10. Nc3 Ba6 11. cxd5 cxd5 12. Rfc1 Bb7 13. Bf4 Rc8 14. Qb3 a6 15. a4 h6 16. e3 Nh5 {1-0 (39) Nepomniachtchi,I (2792)-Mamedyarov,S (2758) Saint Louis 2022}) 10. Nc3 b6 (10... dxc4 $142 11. Nd1 b5) 11. e4 {[%emt 0:02:27] The position is equal.} Ba6 12. e5 Ne8 13. b3 b5 (13... dxc4 $11 {should be considered.} 14. Ng5 g6) 14. cxb5 cxb5 15. Rfe1 Rc8 {[%emt 0:00:13] Threatens to win with ...b4.} 16. Qb1 $40 {[%emt 0:03:27][%mdl 128] Black needs to defend precisely.} (16. a3 $14) 16... Bb4 (16... b4 $11 17. Na4 g6) 17. Rc1 Ba3 18. Re1 g6 ({Black should play} 18... Bb4 $11 19. Qb2 (19. Ng5 g6 $11) 19... Bxc3 20. Bxc3 b4) 19. Nd1 Ng7 20. Ne3 Qb6 (20... b4 $11) 21. Bh3 (21. b4 $1 $16) 21... f5 22. Ng2 (22. b4 $16) 22... Nh5 23. Qd3 ({White should try} 23. b4 $1 $16 ) 23... Nb8 $2 (23... b4 $11 24. Qb1 Rc6) 24. Bc1 $2 (24. Bh6 $1 $16) 24... Bb4 (24... b4 $5 25. Qd2 Rc3 $11) 25. Bd2 (25. Bh6 $11) 25... Ba3 $1 $16 26. Bc1 $2 (26. Bh6 $1 $16) 26... b4 $11 27. Qd2 Nc6 (27... Rc3 $11 {keeps the balance.} 28. Re3 Bxc1 29. Rxc1 Rxc1+ 30. Qxc1 Nc6) 28. Bb2 (28. Rd1 $16) 28... Bxb2 29. Qxb2 Na7 30. a3 Rc3 31. Re3 Nb5 (31... Rfc8 $5 32. axb4 axb4 $11) 32. axb4 axb4 33. Ra4 $2 {[%emt 0:00:38][%mdl 8192] [#] This costs White the game.} (33. Qd2 $11 {and White has nothing to worry.}) 33... Rxe3 $1 $19 34. Nxe3 {[%emt 0:00:04] [#]} Nc3 $1 {[%emt 0:00:01] Black is clearly winning.} 35. Ra1 f4 36. gxf4 Nxf4 37. Bf1 Bxf1 38. Rxf1 Nfe2+ 39. Kg2 Nxd4 40. Ng5 h6 41. Qb1 Nxb1 {[%emt 0:00:03] Weighted Error Value: White=1.08/Black=0.44} 0-1

[Event "MPL-4 Indian Chess Tour 2022"]
[Site "Chess24"]
[Date "2022.09.27"]
[Round "3.5"]
[White "Mitrabha, Guha"]
[Black "Mohammad Nubairshah Shaikh"]
[Result "1-0"]
[ECO "A06"]
[WhiteElo "2471"]
[BlackElo "2461"]
[Annotator "TA"]
[PlyCount "69"]
[EventDate "2022.09.29"]
[EventType "tourn (rapid)"]
[EventCountry "NET"]
[SourceTitle "playchess.com"]
[Source "ChessBase"]
[SourceQuality "1"]
[WhiteTeam "India"]
[BlackTeam "India"]
[WhiteTeamCountry "IND"]
[BlackTeamCountry "IND"]
[TimeControl "900+10"]

1. Nf3 d5 2. b3 Bg4 3. Bb2 Nd7 4. d3 Bxf3 5. gxf3 e5 6. Nd2 {[%emt 0:00:15] [#] A06: Réti Opening: 1 Nf3 d5.} (6. d4 $11) 6... Bc5 $146 ({Predecessor:} 6... Qh4 7. e3 Ngf6 8. Qe2 a5 9. O-O-O Bd6 10. f4 exf4 11. Nf3 Qh6 12. Nd4 g6 {0-1 (50) Heinig,W (2300)-Tischbierek,R (2315) Suhl 1979}) 7. e3 Qh4 {[%emt 0:01:10] Against f4. White must now prevent ...Bxe3.} 8. Qe2 {[%emt 0:00:13] Black is slightly better.} O-O-O (8... Ngf6 $17) 9. O-O-O (9. Rg1 $11) 9... Ngf6 $15 10. Rg1 Qxh2 (10... g6 $15) 11. Rxg7 Rhg8 12. Rxg8 ({Reject} 12. Rxf7 Qh5 13. Rxf6 Nxf6 $15) 12... Rxg8 13. Kb1 Rg1 $2 {[%emt 0:03:03] [#] White stays focused until the end.} (13... h5 $11) 14. f4 $1 $18 e4 {[%emt 0:00:08] Against Nf3} 15. Bxf6 (15. dxe4 $142 Qh5 16. Qxh5 Nxh5 17. exd5) 15... Nxf6 16. dxe4 dxe4 (16... Rg8 {is more resistant.} 17. exd5 Kb8) 17. Bh3+ Kb8 {[%emt 0:00:06] [#] aiming for ...Rxd1+.} 18. Nf1 Qxh3 (18... Rxf1 {is a better defense.} 19. Qxf1 Bd6) 19. Rd8+ Qc8 20. Rxc8+ Kxc8 21. Kb2 {[%emt 0:00:08] White is clearly winning.} b6 22. Ng3 {[%emt 0:00:18] Prevents h5.} Rg2 23. Qf1 Rxg3 24. fxg3 Bxe3 25. Qh3+ Kd8 26. Qf5 Nd7 27. Qxe4 Bf2 28. Qxh7 Ke7 29. Qe4+ Kf8 30. Qa8+ Ke7 31. Qf3 Bd4+ 32. c3 Bf6 33. Qe4+ Kf8 34. Qa8+ Ke7 35. Qxa7 {[%emt 0:00:02] Weighted Error Value: White=0.28 (precise) /Black=0.87} 1-0

[Event "MPL-4 Indian Chess Tour 2022"]
[Site "Chess24"]
[Date "2022.09.27"]
[Round "3.6"]
[White "Vaibhav, Suri"]
[Black "Mendonca, Leon Luke"]
[Result "1-0"]
[ECO "B53"]
[WhiteElo "2600"]
[BlackElo "2558"]
[Annotator "TA"]
[PlyCount "197"]
[EventDate "2022.09.29"]
[EventType "tourn (rapid)"]
[EventCountry "NET"]
[SourceTitle "playchess.com"]
[Source "ChessBase"]
[SourceQuality "1"]
[WhiteTeam "India"]
[BlackTeam "India"]
[WhiteTeamCountry "IND"]
[BlackTeamCountry "IND"]
[TimeControl "900+10"]

1. e4 c5 2. Nf3 d6 3. Nc3 Nf6 4. d4 cxd4 5. Qxd4 Nc6 6. Qd3 g6 7. Nd5 Bg7 8. c3 O-O 9. Bg5 Nxd5 10. exd5 Ne5 11. Nxe5 Bxe5 12. Be2 Bd7 13. O-O Bf6 14. h4 Bxg5 15. hxg5 f6 16. gxf6 exf6 17. Rfe1 Qb6 18. Qd2 Rae8 19. b4 Re5 20. c4 Rfe8 21. Rac1 Qd8 22. Bd3 (22. c5 $14) 22... Rxe1+ $11 23. Rxe1 b6 24. Rc1 Qe7 25. Bf1 Bf5 ({Better is} 25... g5 $14) 26. c5 $1 $16 bxc5 27. bxc5 dxc5 28. d6 Qe5 29. Bc4+ (29. Bb5 $16 Rd8 30. d7) 29... Kg7 $11 30. Rd1 Rd8 (30... Bg4 $11 {keeps the balance.} 31. Bb5 (31. d7 Rd8 $15) 31... Bxd1 32. Bxe8 Qxe8 33. Qxd1 (33. d7 Qd8 $11) 33... Qd7) 31. Qa5 $16 Rd7 (31... Rxd6 $2 32. Qc7+ Rd7 33. Rxd7+ Bxd7 34. Qxd7+ Kh6 35. Qxa7 $18) 32. Bb5 $1 c4 33. Qa6 (33. Qb4 $1 $16 Rb7 34. d7 Rxb5 35. Qxc4 (35. Qxb5 Qxb5 36. d8=Q Qe5 $14) 35... Bxd7 36. Rxd7+ Kh6 37. Qh4+ Qh5 38. Qf4+ Qg5 39. Qh2+ Qh5 40. Qxh5+ (40. Qf4+ Qg5 $11) 40... Rxh5 41. Rxa7) 33... Qe2 34. Rf1 Bd3 35. Rc1 Qd2 36. Ra1 Qc3 37. Rd1 Be2 $2 (37... Qc2 $1 $11 38. Rxd3 cxd3 39. Bxd7 d2) 38. Qc8 $18 (38. Bxd7 Bxd1 39. Qxa7 Qe1+ 40. Kh2 Qe5+ 41. Kg1 Kh6 $11) 38... Bxd1 39. Qxd7+ Kh6 40. Qe7 $2 (40. Qxa7 Qe1+ 41. Kh2 Qe5+ 42. Kg1 Qe1+ 43. Kh2 Qe5+ 44. Kg1 Qe1+ $11) (40. Qe6 $18 {Hoping for d7.} Qd2 41. d7 (41. Bxc4 Ba4 $11) (41. Qxc4 Qxd6 42. Qh4+ Kg7 $17) (41. Qxf6 c3 $16)) 40... Bg4 $11 41. f3 Qd4+ 42. Kh1 $2 (42. Kh2 $15 c3 43. Bd3 (43. fxg4 $2 c2 $19)) 42... c3 $1 $19 43. Qc7 $2 (43. fxg4 $2 c2 44. Qc7 Qa1+ 45. Kh2 c1=Q $19) (43. Qe1 $17 {is tougher.} a6 44. Bc6) 43... Bxf3 $2 (43... Bf5 44. Ba4 Qxa4 45. Qxc3 Qd1+ 46. Kh2 Qxd6+ 47. Kg1 g5) 44. d7 $19 {[%emt 0:00:03] [#]} Bxg2+ $2 (44... Qd2 $1 $19 45. gxf3 (45. Bf1 c2) 45... c2) 45. Kh2 $2 (45. Kxg2 $11 Qe4+ 46. Kf2 Qd4+ 47. Kf1 (47. Kg3 Qe3+ 48. Kg2 Qe4+ 49. Kf2 Qd4+ 50. Kf1 Qd1+ 51. Kg2 c2 $14) 47... Qd1+ 48. Kg2) 45... Bf3 46. Kg3 Qg4+ $2 (46... Bd5 {mates} 47. Qf4+ Qxf4+ 48. Kxf4 c2 49. Ke3 c1=Q+ 50. Kd4 Qd2+ 51. Bd3 Qa5 52. d8=B Qxd8 53. Bc2 Bxa2+ 54. Kc3 Qa5+ 55. Kd3 Qc5 56. Kd2 Qd4+ 57. Kc1 Qc3 58. Kd1 Bd5 59. Be4 Bxe4 60. Ke2 Bd5 61. Kf2 Qd2+ 62. Kf1 f5 63. Kg1 Qg2#) 47. Kf2 $11 Qg2+ 48. Ke3 Qd2+ (48... Bd5 49. Qxc3 Qg3+ 50. Kd2 $16) 49. Kxf3 c2 50. d8=Q Qxd8 (50... Qd1+ $1 $11 {remains equal.} 51. Be2 Qxd8 52. Qxd8 c1=Q) 51. Qxd8 $16 c1=Q 52. Qxf6 Qh1+ 53. Ke3 (53. Kf2 $16 {And now Qf4+ would win.} Qh2+ 54. Ke3) 53... Qc1+ $1 $11 54. Kf2 Qc2+ 55. Kg3 Qc7+ $2 ({But not} 55... Qc5 56. Qf4+ Qg5+ 57. Qxg5+ Kxg5 58. Bd7 $16) (55... Qxa2 $11 {and Black is okay.} 56. Qf8+ Kh5) 56. Kg4 (56. Qf4+ $18 Qxf4+ 57. Kxf4) 56... Qc8+ $16 57. Kh4 Qb8 58. Qg5+ Kg7 59. Qe7+ Kh6 60. Qe3+ Kg7 61. Qd4+ Kh6 62. Qd2+ Kg7 63. Qc3+ Kh6 64. Qc1+ Kg7 65. Qb2+ Kh6 66. Qd2+ Kg7 67. Qd4+ Kh6 68. Qe3+ Kg7 69. Qe7+ Kh6 70. Qg5+ Kg7 71. Kh3 $1 Qc8+ 72. Qg4 $1 Qc3+ 73. Qg3 Qd4 74. Bd3 Qd7+ 75. Kh2 Qd4 76. Qf3 Qb2+ {[%emt 0:00:14] [#]} 77. Qe2 $1 Qf6 78. Be4 Qe5+ 79. Kg2 Qg5+ 80. Kf1 Qf6+ 81. Bf3 h5 82. Qf2 Kh6 83. Qe3+ g5 84. Kg2 ({White should play} 84. a3 $16) 84... Qb2+ $1 $14 85. Qe2 Qxe2+ 86. Bxe2 g4 $1 87. Kf2 ({Don't play} 87. Kg3 $6 Kg5 88. Bb5 h4+ 89. Kf2 Kf4 $16) 87... Kg5 88. Ke3 Kf5 (88... h4 $2 89. Bd3 $18) 89. Bb5 h4 $2 {[%emt 0:00:16][%mdl 8192] [#]} (89... Kg5 $14) 90. Bd7+ $1 Kg5 91. Bc8 h3 92. Bd7 Kh4 93. Kf2 a5 94. a4 g3+ 95. Kf3 h2 96. Kg2 Kg5 97. Bc6 Kg4 98. Bb7 Kh4 99. Bf3 1-0

[Event "MPL-4 Indian Chess Tour 2022"]
[Site "Chess24"]
[Date "2022.09.27"]
[Round "3.7"]
[White "Bharath Subramaniyam H"]
[Black "Ganguly, Surya Shekhar"]
[Result "1-0"]
[ECO "D00"]
[WhiteElo "2495"]
[BlackElo "2589"]
[Annotator "TA"]
[PlyCount "77"]
[EventDate "2022.09.29"]
[EventType "tourn (rapid)"]
[EventCountry "NET"]
[SourceTitle "playchess.com"]
[Source "ChessBase"]
[SourceQuality "1"]
[WhiteTeam "India"]
[BlackTeam "India"]
[WhiteTeamCountry "IND"]
[BlackTeamCountry "IND"]
[TimeControl "900+10"]

1. d4 d5 2. Nc3 e6 3. Bf4 c5 4. e4 cxd4 5. Qxd4 Nc6 6. Bb5 {[%emt 0:00:14] D00: 1 d4 d5: Unusual lines.} (6. Qa4 $142 Bb4 7. exd5 exd5 8. Bb5 Bxc3+ 9. bxc3) 6... Bd7 7. Bxc6 bxc6 {[%emt 0:00:03] [#]} 8. exd5 $146 (8. Nf3 $11) ({Predecessor:} 8. e5 Rb8 9. Rb1 Qb6 10. Qxb6 axb6 11. Nf3 Ra8 12. a3 c5 13. O-O Bc6 14. Rfe1 {0-1 (46) Vishwa,V (2034)-Celik,H (2173) Novi Sad 2021}) 8... cxd5 $15 9. Nf3 Qb6 10. O-O Nf6 11. Qxb6 axb6 12. a4 Bc5 $1 13. Ne5 O-O 14. Nb5 Rfc8 15. Nxd7 Nxd7 16. c3 e5 17. Bg3 f5 18. Rfd1 f4 19. Bh4 {[%emt 0:00:03] [#] Threatens to win with b4.} Bf8 20. Rxd5 Nc5 21. Rxe5 (21. b4 $5 Ne4 22. f3 (22. Rxe5 Nxc3 23. Nxc3 Rxc3 $11) 22... Nxc3 23. Nxc3 Rxc3 24. Be1 $14) 21... Rxa4 22. Rxa4 Nxa4 23. Re2 (23. Be7 $11) 23... Rc5 24. c4 g5 (24... Rxc4 $5 25. f3 Rc1+ 26. Re1 Rxe1+ 27. Bxe1 Nxb2 $17) 25. b3 gxh4 26. Kf1 Rxb5 27. cxb5 Nc5 28. b4 {[%emt 0:00:08][%mdl 1024] White has compensation.} f3 29. gxf3 Nd3 {[%emt 0:00:01][%mdl 8192] [#] Loses the game.} (29... Nd7 $1 $11 {and Black has nothing to worry.}) 30. Re6 $18 Bxb4 31. Rxb6 Kf7 32. Rh6 Ke7 $2 (32... Kg7 33. Rxh4 Be7) 33. Rxh4 {[%emt 0:00:24] White is clearly winning.} Bc5 {[%emt 0:00:07] Prevents Rd4.} 34. Rxh7+ Kd6 35. h4 Nf4 36. h5 Bd4 37. h6 Kc5 38. Rd7 Be5 39. h7 {[%emt 0:00:05] Weighted Error Value: White=0.14 (very precise) /Black=0.53} (39. Rf7 $142 Nd3 40. Rf5) 1-0